 Dungeon Sprint DCSS version 0.30-a0-737-gf23d94013f (webtiles) character file.

Game seed: 16301689913293589532

448 sircluck the Ducker (level 6, -3/68 HPs)
             Began as a Troll Fighter on Feb 2, 2023.
             Slain by Sonja
             ... wielding a +1 short sword of distortion
              (21 damage)
             ... in the Dungeon (Sprint I: "Red Sonja").
             The game lasted 00:01:52 (159 turns).

sircluck the Ducker (Troll Fighter)                  Turns: 159, Time: 00:01:53

Health: -3/68      AC:  4    Str: 27    XL:     6   Next: 73%
Magic:  5/5        EV: 10    Int:  4    God:
Gold:   243        SH:  9    Dex:  9    Spells: 5/5 levels left

rFire   . . .      SeeInvis .      - Unarmed
rCold   . . .      Faith    .    b - +0 kite shield
rNeg    . . .      Spirit   .    a - +0 robe
rPois   .          Reflect  .    (helmet restricted)
rElec   .          Harm     .    (no cloak)
rCorr   .          Rampage  .    (gloves unavailable)
Will    .....      NoTele   +    (boots unavailable)
Stlth   +                        (no amulet)
HPRegen 1.11/turn                (no ring)
MPRegen 0.09/turn                (no ring)

@: slowed, very slow
A: large, unfitting armour, claws 3, regeneration 1, shaggy fur 1, tough skin 1
a: no special abilities


You were in the Dungeon.
You visited 1 branch You collected 243 gold pieces.

Inventory:

Armour
 a - a +0 robe (worn)
 b - a +0 kite shield (worn)
Wands
 j - a wand of polymorph (3)
 l - a wand of flame (15)
Scrolls
 i - a scroll of blinking
 k - a scroll of poison {unknown}
Potions
 c - a potion of might
 d - a potion of curing
 e - a potion of heal wounds
 f - a potion of haste
 g - 2 potions of magic
 h - a potion of berserk rage


   Skills:
 + Level 6.7 Fighting
 + Level 7.2 Dodging
 + Level 7.2 Shields
 + Level 6.3 Unarmed Combat


You had 5 spell levels left.
You didn't know any spells.
Your spell library was empty.

Dungeon Overview and Level Annotations

Branches:
Dungeon (1/1)

Altars:
Cheibriados
Dithmenos
Elyvilon
Fedhas
Gozag
Hepliaklqana
Kikubaaqudgha
Nemelex Xobeh
Okawaru
Qazlal
Ru
Sif Muna
Trog
Uskayaw
Vehumet
Wu Jian
Yredelemnul
Zin
The Shining One

Shops:
D (

Annotations:
D Sonja


Innate Abilities, Weirdness & Mutations

You are too large for most types of armour.
You have claws for hands.
Your natural rate of healing is unusually fast.
You are covered in fur. (AC +1)
You have tough skin. (AC +1)


Message History

Sonja shouts, "Too slow!"
Sonja mumbles some strange words.
Sonja blinks!
Sonja throws a curare-tipped dart.
The curare-tipped dart hits you.
You are poisoned.
You have difficulty breathing.
You feel yourself slow down.
You feel very sick.
Sonja says, "I'm academy-trained, you know."
Sonja throws a curare-tipped dart.
You block the curare-tipped dart.
Sonja throws a curare-tipped dart.
The curare-tipped dart closely misses you.
You feel very sick.
Sonja casts a spell.
Sonja blinks!
Sonja throws a curare-tipped dart.
The curare-tipped dart completely misses you.
You see here a +0 ring mail.
You feel sick.
You barely miss Sonja.
Sonja is lightly wounded.
You feel sick.
Sonja mumbles some strange words.
Sonja blinks!
Sonja throws a curare-tipped dart.
The curare-tipped dart barely misses you.
You feel sick.
Sonja throws a curare-tipped dart.
You block the curare-tipped dart.
You see here a +0 ring mail.
You completely miss Sonja.
Sonja is lightly wounded.
You feel sick.
You are no longer poisoned.
You block Sonja's attack.
Sonja hits you with a +1 short sword of distortion!
Space warps around you.
Sonja hits you with a +1 short sword of distortion.
Space warps horribly around you!! Sonja barely misses you.
You block Sonja's attack.
Sonja hits you with a +1 short sword of distortion.
* * * LOW HITPOINT WARNING * * *
Space warps horribly around you!!
You die...

################
#<.#.))..#).'..#
#..'..#..'..#..+
#..#####+#####'#
#..#### #...#K#
#..#__####..##@#
#..#_____##'#_.+
#⌠⌠#_.∩...†..._#
####_..__##_.#'#
#_____###'#.#
####### #.###
$.$ $.$ ##.##


You could see Sonja.

Vanquished Creatures
  Sigmund (D)
  A yak (D)
  An ogre (D)
  A jelly (D)
  Ijyb (D)
5 creatures vanquished.

Notes
Turn   | Place    | Note
-------+----------+-------------------------------------------
     0 | D        | sircluck the Troll Fighter began the quest for the Orb.
     0 | D        | Reached XP level 1. HP: 22/22 MP: 0/0
     2 | D        | Noticed Ijyb
    10 | D        | Killed Ijyb
    11 | D        | Reached XP level 2. HP: 31/31 MP: 1/1
    13 | D        | Noticed an ogre
    20 | D        | Killed an ogre
    21 | D        | Reached skill level 5 in Shields
    21 | D        | Reached XP level 3. HP: 40/40 MP: 2/2
    21 | D        | Reached XP level 4. HP: 49/49 MP: 3/3
    25 | D        | Noticed Sigmund
    52 | D        | Killed Sigmund
    53 | D        | Reached skill level 5 in Unarmed Combat
    53 | D        | Reached XP level 5. HP: 33/59 MP: 4/4
    53 | D        | Reached XP level 6. HP: 38/67 MP: 5/5
    80 | D        | Found an ornate altar of the Wu Jian Council.
    80 | D        | Found a shimmering blue altar of Sif Muna.
    82 | D        | Found a radiant altar of Vehumet.
   122 | D        | Found Xeczen's Weapon Emporium.
   122 | D        | Found an ancient bone altar of Kikubaaqudgha.
   122 | D        | Found a hazy altar of Hepliaklqana.
   122 | D        | Found a stormy altar of Qazlal.
   122 | D        | Found a hide-covered altar of Uskayaw.
   122 | D        | Found a blossoming altar of Fedhas.
   122 | D        | Found a bloodstained altar of Trog.
   122 | D        | Found an iron altar of Okawaru.
   122 | D        | Found a basalt altar of Yredelemnul.
   122 | D        | Found a glowing golden altar of the Shining One.
   122 | D        | Found a snail-covered altar of Cheibriados.
   122 | D        | Found a sacrificial altar of Ru.
   122 | D        | Found a glowing silver altar of Zin.
   122 | D        | Found a shadowy altar of Dithmenos.
   122 | D        | Found a white marble altar of Elyvilon.
   122 | D        | Noticed a yak
   130 | D        | Killed a yak
   131 | D        | Found an opulent altar of Gozag.
   132 | D        | Found a sparkling altar of Nemelex Xobeh.
   149 | D        | Noticed Sonja
   159 | D        | Slain by Sonja

Illustrated notes

Levels and vault maps discovered:
D:        dungeon_sprint_1 [red_sonja_temple_1, red_sonja_temple_small_1]

Skill      XL: |  1  2  3  4  5  6 |
---------------+-------------------+-----
Fighting       | 3 4 6 |  6.7
Dodging        | 3 4 6 7 |  7.2
Shields        | 3 5 6 7 |  7.2
Unarmed Combat | 3 5 6 |  6.3

Action                     |  1- 3 |  4- 6 || total
---------------------------+-------+-------++-------
  Melee: Unarmed           |    10 |    29 ||    39
  Evoke: Wand              |       |     1 ||     1
 Armour: Robe              |       |     5 ||     5
  Dodge: Dodged            |     5 |     9 ||    14
  Block: Kite shield       |       |    12 ||    12

Table legend: (Time is in decaauts)
 A = Elapsed time spent in this place.
 B = Non-inter-level travel time spent in this place.
 C = Inter-level travel time spent in this place.
 D = Time resting spent in this place.
 E = Time spent auto-exploring this place.
 F = Levels seen in this place.
 G = Mean time per level.
                   A        B        C        D        E       F      G
               +--------+--------+--------+--------+--------+-----+--------+
         Total |    161 |    161 |      0 |      0 |      0 |   1 |  161.0 |
       Dungeon |    161 |    161 |      0 |      0 |      0 |   1 |  161.0 |
               +--------+--------+--------+--------+--------+-----+--------+

Top non-repeatable levels by time:
       D: 161 daAuts
